UKF suffers

Match 11742790
End
Construct Infanterie Kompanie
Grenadier Squad
MG 42 Machine Gun Team
Grenadier Squad
Selects Breakthrough Battlegroup
Selects Assault Grenadiers
Construct Panzergrenadier Kompanie
251 Medium Carrier
Pak 40 Anti-tank Gun Team
Pak 40 Anti-tank Gun Team
Selects Rapid Production
Panzergrenadier Squad
Selects Blitzkrieg
Construct Panzer Kompanie
Stoßtruppen Squad
Panzer IV Medium Tank
MG 42 Bunker
Pak 40 Anti-tank Gun Team
Selects Tiger Heavy Tank
Tiger Heavy Tank
Selects Smoke Bombing Run
Selects Incendiary Bombing Run
Incendiary Bombing Run
MG 42 Bunker
Sturmpanzer IV Brummbär
Incendiary Bombing Run
Incendiary Bombing Run
MG 42 Machine Gun Team
Incendiary Bombing Run
Tiger Heavy Tank
Incendiary Bombing Run
251 Medium Carrier
Pioneer Squad
Incendiary Bombing Run
Pak 40 Anti-tank Gun Team
Pak 40 Anti-tank Gun Team
Pak 40 Anti-tank Gun Team
Incendiary Bombing Run
AI Takeover
sanov
白起
中国大佬(chinese boss)
BiliBilI_24073386_狐狸
NEP_wilson_NEP
WilllTHENOOBz
ToXa
七彩斑斓的牛头人战士
0
0

Comments sign in to comment!

No comments posted yet!